 Dungeon Crawl Stone Soup version 0.19.4 (webtiles) character file.

20 Daunt the Changer (level 2, -9/25 HPs)
             Began as a Naga Transmuter on Feb 1, 2017.
             Mangled by a gnoll
             ... wielding a +0 flail
              (10 damage)
             ... on level 2 of the Dungeon.
             The game lasted 00:04:35 (1111 turns).

Daunt the Changer (Naga Transmuter)                 Turns: 1111, Time: 00:04:35

Health: -9/25      AC:  1    Str: 12    XL:     2   Next: 79%
Magic:  0/5        EV: 10    Int: 13    God:
Gold:   28         SH:  0    Dex: 11    Spells: 1 memorised, 4 levels left

rFire  . . .     SeeInvis +       - Unarmed
rCold  . . .     Gourm    .     b - +0 robe
rNeg   . . .     Faith    .     (no shield)
rPois  +         Spirit   +     (no helmet)
rElec  .         Reflect  .     (no cloak)
rCorr  .         Harm     .     (no gloves)
MR     .....                    (no barding)
Stlth  +.........               n - amulet of guardian spirit
                                (no ring)
                                (no ring)

@: very slow
A: see invisible, deformed body, poison resistance, slowness 2, slow metabolism
1, spit poison 1, AC +0
a: Spit Poison


You were on level 2 of the Dungeon.
You were hungry.

You visited 1 branch of the dungeon, and saw 2 of its levels.

You collected 28 gold pieces.

Inventory:

Hand Weapons
 m - a +0 dagger
Missiles
 a - 12 arrows
 i - 14 sling bullets
 l - 53 stones (quivered)
Armour
 b - a +0 robe (worn)
Jewellery
 n - an amulet of guardian spirit (around neck)
Scrolls
 e - a scroll of remove curse {unknown}
 g - a scroll of identify {unknown}
 h - a scroll of blinking {unknown}
 j - a scroll of recharging
Potions
 k - a potion of magic {unknown}
 q - a potion of mutation {unknown}
 r - a potion of berserk rage {unknown}
 s - a potion of heal wounds {unknown}
Books
 c - a book of Changes

   Spells                             Type                      Level
   a - Beastly Appendage              Transmutation                1
   b - Sticks to Snakes               Transmutation                2
   c - Spider Form                    Transmutation/Poison         3
   d - Ice Form                       Ice/Transmutation            4
   e - Blade Hands                    Transmutation                5
Comestibles
 d - a bread ration
 f - a beef jerky
 o - 3 fruits
 p - a slice of pizza
 t - a chunk of flesh


   Skills:
 - Level 1.0 Fighting
 - Level 1.5 Dodging
 - Level 3.0 Unarmed Combat
 - Level 2.0 Spellcasting
 + Level 3.2 Transmutations


You had 4 spell levels left.
You knew the following spells:

 Your Spells              Type           Power        Failure   Level  Hunger
a - Beastly Appendage     Tmut           #.....       10%         1    ##.....


Dungeon Overview and Level Annotations

Branches:
Dungeon (2/15)

Altars:

Annotations:
D:2 Sigmund


Innate Abilities, Weirdness & Mutations

You cannot wear boots.
Your serpentine skin is tough. (AC +0)
You have supernaturally acute eyesight. (SInv)
Armour fits poorly on your strangely shaped body.
Your system is resistant to poisons. (rPois)
You cover ground very slowly.
You have a slow metabolism.
You can spit poison.


Message History

Press: ? - help, Shift-Dir - straight line, f/p - gnoll
Aim: a gnoll, wielding a flail (heavily wounded)
The splash of poison misses the gnoll. x2; You feel slightly more hungry.
A gnoll comes into view. It is wielding a whip.
The gnoll throws a throwing net.
The throwing net hits you.
You become entangled in the net!
The gnoll hits you with a flail!
There is a stone staircase leading up, spattered with blood here.
You see here a throwing net.
You can't do that while held in a net.
You struggle against the net.
The gnoll hits you with a flail.
You struggle against the net.
You have got your breath back.
The gnoll barely misses you. The gnoll hits you with a flail!
Ouch! That really hurt!
* * * LOW HITPOINT WARNING * * *
You struggle against the net.
The gnoll shouts!
The gnoll barely misses you.
You shred the net and break free! The gnoll hits you with a flail!
You die...

#....# #....#
#....# #.#+#
#g#.# #.#.#
##.###g#.#
#....g...#
######@..######
#..............
##.###.....####
#.....+ #.....#
#.#.....
#.#.##### #.#..
#.####


You could see 3 gnolls.

Vanquished Creatures
  A dart slug (D:1)
  3 bats (D:1)
  2 giant cockroaches (D:1)
  3 goblins (D:1)
  4 kobolds (D:1)
  A frilled lizard (D:2)
  3 rats (D:1)
17 creatures vanquished.

Notes
Turn   | Place    | Note
-------+----------+-------------------------------------------
     0 | D:1      | Daunt the Naga Transmuter began the quest for the Orb.
     0 | D:1      | Reached XP level 1. HP: 18/18 MP: 3/3
   252 | D:1      | Reached XP level 2. HP: 20/25 MP: 5/5
   800 | D:2      | Noticed Sigmund
  1109 | D:2      | HP: 1/25 [gnoll/flail (14)]
  1111 | D:2      | Mangled by a gnoll

Skill      XL: |  1  2 |
---------------+-------+-----
Transmutations | 3 |  3.2
Fighting       | |  1.0
Dodging        | |  1.5
Unarmed Combat | |  3.0
Spellcasting   | |  2.0

Action                   || total
-------------------------++-------
Melee: Unarmed           ||    38
       Punch             ||     2
Throw: Stone             ||     1
 Cast: Beastly Appendage ||     2
 Abil: Spit Poison       ||    10
  Use: Scroll            ||     1
Armor: Robe              ||     8
Dodge: Dodged            ||    35
